 Dungeon Sprint DCSS version 0.28-a0-1435-g82390b3a13 (webtiles) character file.

Game seed: 1318280847621698065

6381 mhtbhm the Severer (level 10, 0/104 HPs)
             Began as a Minotaur Fighter on Jan 9, 2022.
             Was a High Priest of Okawaru.
             Killed from afar by a deep elf zephyrmancer (38 damage)
             ... with a bolt of lightning
             ... in the Dungeon (Sprint III: "The Ten Rune Challenge").
             The game lasted 00:06:24 (2522 turns).

mhtbhm the Severer (Minotaur Fighter)               Turns: 2522, Time: 00:06:25

Health: 0/104      AC: 11    Str: 25    XL:     10   Next: 65%
Magic:  14/15      EV: 13    Int:  5    God:    Okawaru [*****.]
Gold:   3678       SH:  7    Dex: 12    Spells: 9/9 levels left

rFire   . . .      SeeInvis .   a - +0 war axe
rCold   . . .      Faith    .   c - +0 buckler
rNeg    . . .      Spirit   .   b - +0 scale mail
rPois   .          Reflect  .   (helmet restricted)
rElec   .          Harm     .   (no cloak)
rCorr   .          Rampage  .   (no gloves)
Will    +....      NoTele   +   (no boots)
Stlth   ..........              (no amulet)
HPRegen 0.27/turn               (no ring)
MPRegen 0.14/turn               (no ring)

@: no status effects
A: horns 2, retaliatory headbutt, iridescent scales 1, agile 1, strong-willed 1
a: Renounce Religion, Heroism, Finesse


You were in the Dungeon.
You worshipped Okawaru.
Okawaru was extremely pleased with you.
You visited 1 branch You collected 3876 gold pieces.
You spent 198 gold pieces at shops.

Inventory:

Hand Weapons
 a - a +0 war axe (weapon)
Missiles
 f - 2 curare-tipped darts (quivered)
Armour
 b - a +0 scale mail (worn)
 c - a +0 buckler (worn)
Scrolls
 k - a scroll of amnesia {unknown}
 m - a scroll of fear {unknown}
 n - a scroll of holy word {unknown}
 o - 3 scrolls of identify
 q - a scroll of torment {unknown}
Potions
 d - a potion of curing
 e - a potion of haste
 h - 2 potions of magic
 l - a potion of lignification {unknown}
 p - 4 potions of flight
 r - 3 potions of mutation
Miscellaneous
 i - a phantom mirror


   Skills:
 + Level 14.4 Fighting
 + Level 16.8 Axes
 + Level 14.2 Armour
 + Level 7.1 Dodging
 + Level 0.9 Stealth
 + Level 12.0 Shields
 * Level 8.0 Invocations


You had 9 spell levels left.
You didn't know any spells.
Your spell library contained the following spells:

 Spells                   Type           Power      Damage    Failure   Level
 Magic Dart               Conj           0%         1d3       75%         1
 Conjure Flame            Conj/Fire      0%         6-21      98%         3
 Ignite Poison            Fire/Tmut/Pois 0%         N/A       98%         3
 Mephitic Cloud           Conj/Pois/Air  0%         N/A       98%         3
 Sticky Flame             Conj/Fire      0%         2d3       100%        4
 Call Imp                 Summ           Unusable   N/A       N/A         2

Dungeon Overview and Level Annotations

Branches:
Dungeon (1/1)

Altars:
Cheibriados
Dithmenos
Elyvilon
Fedhas
Gozag
Hepliaklqana
Kikubaaqudgha
Makhleb
Nemelex Xobeh
Okawaru
Qazlal
Ru
Sif Muna
Trog
Uskayaw
Vehumet
Wu Jian
Xom
Yredelemnul
Zin
The Shining One
Beogh
Jiyva
Lugonu

Shops:
D *


Innate Abilities, Weirdness & Mutations

You have a pair of horns on your head.
You reflexively headbutt those who attack you in melee.
You are partially covered in iridescent scales. (AC +2)
You are agile. (Dex +2)
You are strong-willed. (Will+)


Message History

You miss the deep elf knight.
The deep elf knight is severely wounded.
You slash the deep elf zephyrmancer!
The deep elf knight hits you with a +0 scimitar.
The deep elf zephyrmancer hits you but does no damage.
You slash the deep elf knight!
You kill the deep elf knight!
Okawaru is honoured by your kill.
You hit the deep elf zephyrmancer.
The deep elf zephyrmancer points at you and mumbles some strange words.
The bolt of lightning hits you!
Your Fighting skill increases to level 14!
Your Dodging skill increases to level 7!
Your Shields skill increases to level 12!
You barely miss the deep elf zephyrmancer.
The deep elf zephyrmancer is moderately wounded.
You slash the deep elf zephyrmancer!
Your headbutt misses the deep elf zephyrmancer.
The deep elf zephyrmancer is severely wounded.
The deep elf zephyrmancer hits you but does no damage.
You hit the deep elf zephyrmancer but do no damage.
Your headbutt misses the deep elf zephyrmancer.
The deep elf zephyrmancer is severely wounded.
The deep elf zephyrmancer mumbles some strange words.
The deep elf zephyrmancer blinks!
You closely miss the deep elf zephyrmancer.
You headbutt the deep elf zephyrmancer!
The deep elf zephyrmancer is severely wounded.
You closely miss the deep elf zephyrmancer.
You headbutt the deep elf zephyrmancer!
You kill the deep elf zephyrmancer!
Okawaru is honoured by your kill.
Your Invocations skill increases to level 8!
You hit the deep elf zephyrmancer. You headbutt the deep elf zephyrmancer!
The deep elf zephyrmancer is moderately wounded.
You slice the deep elf zephyrmancer!!
The deep elf zephyrmancer is almost dead.
The deep elf zephyrmancer points at you and mumbles some strange words.
The bolt of lightning hits you!! The bolt of lightning hits you!!!
You die...

######################
_#__##.#..##...'.#...#
)#._#.........##.#...##≈
##)##........###.#...≈≈≈
....#)))......##@#...##≈
....#)[∩##..#.##e)e..#
###'#)#####.##.#######
#...#'#####################
#...#))≈≈≈'.#.'...'.#.#.#.+
#...#)#≈≈≈#.#.#.).##.#.#.##
#...'.#§.§#.#.#)).#.#.#.#.#
'...#.#§§.#...#...##.#.#.#
▓▓▓▓▓▓▓▓▓▓▓▓▓▓▓▓▓▓#.#.#.#


You could see 2 deep elf zephyrmancers.

Vanquished Creatures
  Josephine (D)
  A centaur warrior (D)
  An orc high priest (D)
  A deep elf knight (D)
  A deep elf pyromancer (D)
  2 deep elf zephyrmancers (D)
  2 orc sorcerers (D)
  An unseen horror (D)
  A shadow (D)
  A spatial vortex (D)
  2 orc warriors (D)
  A necrophage (D)
  2 centaurs (D)
  An earth elemental (D)
  A scorpion (D)
  A water elemental (D)
  3 orc priests (D)
  A jelly (D)
  Jessica (D)
  A wizard (D)
  A necromancer (D)
  3 orc wizards (D)
  3 humans (D)
  A kobold demonologist (D)
  3 wandering mushrooms (D)
  7 orcs (D)
  2 endoplasms (D)
  A rat (D)
47 creatures vanquished.

Notes
Turn   | Place    | Note
-------+----------+-------------------------------------------
     0 | D        | mhtbhm the Minotaur Fighter began the quest for the Orb.
     0 | D        | Reached XP level 1. HP: 19/19 MP: 0/0
    26 | D        | Noticed Jessica
    30 | D        | Killed Jessica
    31 | D        | Reached skill level 5 in Fighting
    31 | D        | Reached skill level 3 in Axes
    31 | D        | Reached skill level 5 in Armour
    31 | D        | Reached skill level 5 in Shields
    31 | D        | Reached XP level 2. HP: 29/29 MP: 1/1
    31 | D        | Reached XP level 3. HP: 36/36 MP: 2/2
    74 | D        | Reached skill level 4 in Axes
   293 | D        | Noticed a scorpion
   302 | D        | Killed a scorpion
   303 | D        | Reached skill level 5 in Axes
   303 | D        | Reached XP level 4. HP: 43/45 MP: 3/3
   330 | D        | Gained mutation: You are partially covered in iridescent
                  | scales. (AC +2) [potion of mutation]
   330 | D        | Gained mutation: You are strong-willed. (Will+) [potion of
                  | mutation]
   330 | D        | Gained mutation: You are agile. (Dex +2) [potion of
                  | mutation]
   333 | D        | Noticed a water elemental
   339 | D        | Killed a water elemental
   340 | D        | Reached skill level 6 in Axes
   340 | D        | Reached XP level 5. HP: 49/52 MP: 4/4
   362 | D        | Found a radiant altar of Vehumet.
   362 | D        | Found a shimmering blue altar of Sif Muna.
   362 | D        | Found an ancient bone altar of Kikubaaqudgha.
   393 | D        | Found a hide-covered altar of Uskayaw.
   393 | D        | Found an iron altar of Okawaru.
   393 | D        | Found a bloodstained altar of Trog.
   393 | D        | Found an ornate altar of the Wu Jian Council.
   393 | D        | Noticed a human
   393 | D        | Noticed a human
   400 | D        | Killed a human
   401 | D        | Reached skill level 8 in Axes
   401 | D        | Reached skill level 1 in Dodging
   401 | D        | Reached XP level 6. HP: 62/62 MP: 5/5
   404 | D        | Killed a human
   405 | D        | Reached skill level 9 in Axes
   405 | D        | Reached skill level 10 in Armour
   489 | D        | Became a worshipper of Warmaster Okawaru
   529 | D        | Found a basalt altar of Yredelemnul.
   529 | D        | Found a shadowy altar of Dithmenos.
   529 | D        | Found a sacrificial altar of Ru.
   540 | D        | Reached XP level 7. HP: 69/71 MP: 6/6
   555 | D        | Found a glowing silver altar of Zin.
   555 | D        | Found a glowing golden altar of the Shining One.
   555 | D        | Found a white marble altar of Elyvilon.
   556 | D        | Noticed a deep elf pyromancer
   564 | D        | Killed a deep elf pyromancer
   564 | D        | Reached * piety under Okawaru
   565 | D        | Reached skill level 10 in Fighting
   565 | D        | Reached skill level 11 in Axes
   565 | D        | Reached skill level 10 in Shields
   565 | D        | Reached XP level 8. HP: 27/81 MP: 7/7
   814 | D        | Reached ** piety under Okawaru
   829 | D        | Found a blossoming altar of Fedhas.
   829 | D        | Found a stormy altar of Qazlal.
   829 | D        | Found a snail-covered altar of Cheibriados.
   829 | D        | Found a burning altar of Makhleb.
   829 | D        | Found a shimmering altar of Xom.
   830 | D        | Found a hazy altar of Hepliaklqana.
   830 | D        | Found an opulent altar of Gozag.
   830 | D        | Found a sparkling altar of Nemelex Xobeh.
   830 | D        | Found a corrupted altar of Lugonu.
   830 | D        | Found a viscous altar of Jiyva.
   839 | D        | Reached skill level 12 in Axes
   855 | D        | Noticed Josephine
   875 | D        | Killed Josephine
   875 | D        | Reached *** piety under Okawaru
   876 | D        | Reached skill level 13 in Axes
   876 | D        | Reached XP level 9. HP: 85/90 MP: 7/10
  1149 | D        | Noticed a centaur warrior
  1166 | D        | Killed a centaur warrior
  1166 | D        | Reached **** piety under Okawaru
  1167 | D        | Reached skill level 14 in Axes
  1167 | D        | Reached skill level 5 in Invocations
  1524 | D        | Killed an unseen horror
  1525 | D        | Reached skill level 5 in Dodging
  1609 | D        | Noticed a wandering mushroom
  1613 | D        | Noticed a wandering mushroom
  1615 | D        | Noticed a wandering mushroom
  2082 | D        | Noticed an orc sorcerer
  2088 | D        | Found Beaheos's General Store.
  2088 | D        | Noticed an orc high priest
  2088 | D        | Noticed an orc sorcerer
  2089 | D        | Noticed an orange demon
  2097 | D        | Noticed a hellwing
  2100 | D        | Reached skill level 15 in Axes
  2101 | D        | Killed an orc sorcerer
  2101 | D        | Reached ***** piety under Okawaru
  2102 | D        | Reached XP level 10. HP: 42/101 MP: 6/13
  2106 | D        | Killed an orc high priest
  2106 | D        | Identified the +1 animal skin of Untold Secrets {Fly
                  | Stlth+} (Okawaru gifted it to you in the Dungeon)
  2106 | D        | Received a gift from Okawaru
  2110 | D        | HP: 1/99 [orc sorcerer/bolt of negative energy (5)]
  2125 | D        | Noticed an orange demon
  2129 | D        | Killed an orc sorcerer
  2239 | D        | Bought a potion of curing for 42 gold pieces
  2239 | D        | Bought a potion of haste for 140 gold pieces
  2239 | D        | Bought 2 curare-tipped darts for 16 gold pieces
  2496 | D        | Noticed a deep elf knight
  2496 | D        | Noticed a deep elf zephyrmancer
  2496 | D        | Noticed a deep elf zephyrmancer
  2496 | D        | Noticed a deep elf zephyrmancer
  2496 | D        | Noticed a deep elf zephyrmancer
  2506 | D        | Killed a deep elf zephyrmancer
  2507 | D        | Reached skill level 16 in Axes
  2515 | D        | Killed a deep elf knight
  2520 | D        | Killed a deep elf zephyrmancer
  2522 | D        | Killed from afar by a deep elf zephyrmancer

Illustrated notes

Levels and vault maps discovered:
D:        dungeon_sprint_mu [sprint_mu_entry_cave, sprint_mu_temple_rooms,
          sprint_mu_d1_horrors, sprint_mu_d2_genie, sprint_mu_d3_branching,
          sprint_mu_orc_legion, sprint_mu_elf_gauntlet, sprint_mu_hive_nellie,
          sprint_mu_lair_fedhas, sprint_mu_vaults_butterflies,
          sprint_mu_slime_circle, sprint_mu_swamp_cave, sprint_mu_snake_twists,
          sprint_mu_blade_basic, sprint_mu_crypt_lich, sprint_mu_tomb_spiral,
          sprint_mu_vestibule_basic, sprint_mu_gehenna_hellfire,
          sprint_mu_dis_giant, sprint_mu_tartarus_statrot,
          sprint_mu_cocytus_islands, sprint_mu_zot1]

Skill      XL: |  1  2  3  4  5  6  7  8  9 10 |
---------------+-------------------------------+-----
Fighting       | 5 6 7 8 9 10 11 13 14 | 14.4
Armour         | 5 6 7 9 10 11 12 13 14 | 14.2
Shields        | 5 6 7 8 9 10 11 12 | 12.0
Axes           | 3 5 6 8 9 11 13 15 16 | 16.8
Dodging        | 1 2 3 6 7 |  7.1
Invocations    | 3 6 8 |  8.0
Stealth        | |  0.9

Action                   |  1- 3 |  4- 6 |  7- 9 | 10-12 || total
-------------------------+-------+-------+-------+-------++-------
Melee: War axe           |    25 |    27 |   108 |    40 ||   200
       Headbutt          |     3 |     4 |    24 |     3 ||    34
Invok: Heroism           |       |       |     1 |       ||     1
       Finesse           |       |       |     1 |       ||     1
  Use: Potion            |       |     2 |     2 |     4 ||     8
       Scroll            |       |       |       |     1 ||     1
Armor: Scale mail        |     4 |     3 |    49 |    11 ||    67
Dodge: Dodged            |    11 |     7 |    33 |     7 ||    58
Block: Buckler           |     9 |     5 |    25 |     3 ||    42

Table legend: (Time is in decaauts)
 A = Elapsed time spent in this place.
 B = Non-inter-level travel time spent in this place.
 C = Inter-level travel time spent in this place.
 D = Time resting spent in this place.
 E = Time spent auto-exploring this place.
 F = Levels seen in this place.
 G = Mean time per level.
                   A        B        C        D        E       F      G
               +--------+--------+--------+--------+--------+-----+--------+
         Total |   2506 |   2506 |      0 |   1859 |     30 |   1 | 2506.0 |
       Dungeon |   2506 |   2506 |      0 |   1859 |     30 |   1 | 2506.0 |
               +--------+--------+--------+--------+--------+-----+--------+

Top non-repeatable levels by time:
       D: 2506 daAuts
